 Dungeon Crawl Stone Soup version 0.29-a0-668-g12ee2bf84d (webtiles) character file.

Game seed: 1275665588336551152

94 czerkthejerk the Skirmisher (level 4, 0/41 HPs)
             Began as a Minotaur Fighter on June 24, 2022.
             Slain by an orc priest
             ... wielding a +0 short sword
              (4 damage)
             ... on level 3 of the Dungeon.
             The game lasted 00:24:45 (1034 turns).

czerkthejerk the Skirmisher (Minotaur Fighter)      Turns: 1034, Time: 00:24:45

Health: 0/41       AC:  1    Str: 29    XL:     4   Next: 38%
Magic:  3/3        EV: 11    Int:  5    God:
Gold:   76         SH:  4    Dex:  9    Spells: 3/3 levels left

rFire   . . .      SeeInvis .   a - +0 war axe
rCold   . . .      Faith    .   c - +0 buckler
rNeg    . . .      Spirit   .   (no body armour)
rPois   .          Reflect  .   (helmet restricted)
rElec   .          Harm     .   t - +0 cloak
rCorr   .          Rampage  .   (no gloves)
Will    .....                   (no boots)
Stlth   +.........              (no amulet)
HPRegen 0.13/turn               p - +6 ring of strength
MPRegen 0.08/turn               (no ring)

@: no status effects
A: horns 2, retaliatory headbutt
a: no special abilities


You were on level 3 of the Dungeon.
You visited 1 branch of the dungeon, and saw 4 of its levels.

You collected 76 gold pieces.

Inventory:

Hand Weapons
 a - a +0 war axe (weapon)
 d - a +0 club
 e - a +0 short sword
 i - a +0 short sword
 k - a +0 club
 m - a +0 whip
 o - a +0 short sword
 u - a +0 hand axe
 x - a +1 dagger of speed
 y - a +0 flail
 z - a +0 mace
 C - a +0 flail
Missiles
 f - 17 stones
 l - 6 poisoned darts (quivered)
Armour
 b - a +0 scale mail
 c - a +0 buckler (worn)
 t - a +0 cloak (worn)
 w - a +1 leather armour of cold resistance
 A - a +0 ring mail
 B - a +0 chain mail
Jewellery
 j - a +4 ring of evasion
 p - a +6 ring of strength (left hand)
Scrolls
 g - 3 scrolls of identify {unknown}
 h - a scroll of teleportation {unknown}
 v - a scroll of fog {unknown}
Potions
 n - a potion of flight {unknown}
 q - a potion of invisibility
 r - a potion of lignification {unknown}
 s - a potion of brilliance {unknown}


   Skills:
 + Level 4.7 Fighting
 + Level 3.6 Axes
 + Level 4.3 Armour
 + Level 0.1 Dodging
 + Level 0.1 Stealth
 + Level 4.1 Shields


You had 3 spell levels left.
You didn't know any spells.
Your spell library contained the following spells:

 Spells                   Type           Power      Damage    Failure   Level
 Necrotize                Necr           0%         1d4       56%         1
 Ensorcelled Hibernation  Hex/Ice        0%         N/A       71%         2
 Passwall                 Tmut/Erth      0%         N/A       71%         2
 Swiftness                Air            0%         N/A       90%         3
 Vampiric Draining        Necr           0%         2d6       90%         3
 Agony                    Necr           0%         N/A       100%        5


Dungeon Overview and Level Annotations

Branches:
Dungeon (4/15)
 Temple: D:4-7

Altars:

Annotations:
D:3 1 runed translucent door, Jessica


Innate Abilities, Weirdness & Mutations

You have a pair of horns on your head.
You reflexively headbutt those who attack you in melee.


Message History

You see here a yellow potion.
It was a potion of ambrosia.
You are confused.
You feel invigorated. The orc attacks as you move away! The orc misses you.
You hit the orc.
The orc is moderately wounded.
The orc priest begins to cast a cantrip, but forgets the words!
The orc hits you but does no damage. The orc hits you with a +0 short sword.
You slash the orc!
You kill the orc!
You closely miss the orc priest. You hit the orc.
The orc priest looks encouraged for a moment.
The orc closely misses you. Something hits you.
You miss something. You hit the orc. You slash the hobgoblin!
You kill the hobgoblin!
You barely miss the orc priest.
The orc priest looks satisfied for a moment.
Something hits you! The orc hits you with a +0 short sword!
The orc priest barely misses you. Something hits you.
The orc hits you with a +0 short sword.
* * * LOW HITPOINT WARNING * * *
The orc attacks as you move away! The orc barely misses you.
The orc priest calls upon Beogh to heal the orc.
The orc is healed somewhat.
There are monsters nearby!
There are monsters nearby!
You barely miss the orc priest. You hit the orc. You barely miss something.
You feel less invigorated.
You feel less confused. Something hits you. x2
The orc priest hits you with a +0 short sword.
* * * LOW HITPOINT WARNING * * *
The orc hits you with a +0 short sword.
* * * LOW HITPOINT WARNING * * *
You closely miss the orc priest. You closely miss something.
You closely miss the orc. Something hits you.
* * * LOW HITPOINT WARNING * * *
The orc priest hits you with a +0 short sword.
You die...

...>......
#####....$....
##...#.........
##..........?...
#...............
#......)........
#.......)<....?.
##..............
#...@...........
#..o.o..(.$.....
#....).....>....
##.....#...?....
##...##........
######........
#+##.. .#


You could see an orc priest and an orc.

Vanquished Creatures
  4 adders
  A worm (D:2)
  A dart slug (D:1)
  6 orcs
  A ball python (D:2)
  6 bats
  5 endoplasms
  A giant cockroach (D:1)
  4 goblins
  6 hobgoblins
  5 kobolds
  3 frilled lizards (D:1)
  4 rats
47 creatures vanquished.

Vanquished Creatures (others)
  A withered plant (D:3)
1 creature vanquished.

Grand Total: 48 creatures vanquished

Notes
Turn   | Place    | Note
-------+----------+-------------------------------------------
     0 | D:1      | czerkthejerk the Minotaur Fighter began the quest for the
                  | Orb.
     0 | D:1      | Reached XP level 1. HP: 19/19 MP: 0/0
   196 | D:1      | Reached XP level 2. HP: 25/27 MP: 1/1
   439 | D:2      | Reached XP level 3. HP: 33/34 MP: 2/2
   934 | D:2      | You fall into a shaft and drop 2 floors!
   943 | D:4      | Reached XP level 4. HP: 41/41 MP: 3/3
  1013 | D:3      | Noticed Jessica
  1023 | D:3      | Found a runed translucent door.
  1034 | D:3      | Slain by an orc priest

Illustrated notes

Levels and vault maps discovered:
D:1:      dpeg_arrival_another_circle, layout_loops_ring
D:2:      layout_basic, basic_altar, grunt_ministairs_1, minmay_snake_closets
D:3:      layout_rooms, kiku_gazebo_garden_becter,
          ebering_ghost_reflecting_pool, uniq_jessica
D:4:      layout_cave_pools, minmay_increasing_density

Skill      XL: |  1  2  3 |
---------------+----------+-----
Fighting       | 4 |  4.7
Armour         | 4 |  4.3
Shields        | 4 |  4.1
Axes           | 3 |  3.6
Dodging        | |  0.1
Stealth        | |  0.1

Action                   |  1- 3 |  4- 6 || total
-------------------------+-------+-------++-------
Melee: War axe           |    58 |    22 ||    80
       Headbutt          |     8 |     2 ||    10
  Use: Potion            |     1 |     1 ||     2
Armor: Scale mail        |    19 |     6 ||    25
       Skin              |       |     2 ||     2
Dodge: Dodged            |    37 |    10 ||    47
Block: Buckler           |    13 |     2 ||    15

Table legend: (Time is in decaauts)
 A = Elapsed time spent in this place.
 B = Non-inter-level travel time spent in this place.
 C = Inter-level travel time spent in this place.
 D = Time resting spent in this place.
 E = Time spent auto-exploring this place.
 F = Levels seen in this place.
 G = Mean time per level.
                   A        B        C        D        E       F      G
               +--------+--------+--------+--------+--------+-----+--------+
         Total |   1063 |    386 |    677 |      0 |      0 |   4 |  265.8 |
       Dungeon |   1063 |    386 |    677 |      0 |      0 |   4 |  265.8 |
               +--------+--------+--------+--------+--------+-----+--------+

Top non-repeatable levels by time:
     D:1: 619 daAuts
     D:2: 326 daAuts
     D:4: 81 daAuts
     D:3: 35 daAuts
